 Dungeon Crawl Stone Soup version 0.32-a0-7-ge934b4519a (webtiles) character file.

Game seed: 5919049514394266767

516 Laraso the Slasher (level 7, 57/57 HPs)
             Began as a Red Draconian Monk on Jan 13, 2024.
             Was a Believer of Okawaru.
             Quit the game on level 5 of the Dungeon.
             The game lasted 00:03:56 (3957 turns).

Laraso the Slasher (Red Draconian Monk)             Turns: 3957, Time: 00:03:56

Health: 57/57      AC:  6    Str: 13    XL:     7   Next: 0%
Magic:  9/9        EV: 13    Int: 10    God:    Okawaru [**....]
Gold:   76         SH:  0    Dex: 16    Spells: 6/6 levels left

rFire   + . .        v - +1 falchion of Dishonour {spect, +Blink rPois Will- rCorr}
rCold   . . .        c - orb {light}
rNeg    + . .        (body armour unavailable)
rPois   +            (helmet restricted)
rElec   .            (no cloak)
rCorr   +            (no gloves)
SInv    .            (no boots)
Will    .....        (no amulet)
Stlth   +            g - ring of positive energy
HPRegen 0.29/turn    m - ring of resist corrosion
MPRegen 0.11/turn

%: no passive effects
@: glowing
A: breathe fire, AC +6, unfitting armour, fire resistance 1, cold-blooded
a: Breathe Fire, Renounce Religion, Evoke Blink, Heroism


You were on level 5 of the Dungeon.
You worshipped Okawaru.
Okawaru was pleased with you.
You visited 1 branch of the dungeon, and saw 5 of its levels.

You collected 224 gold pieces.
You spent 148 gold pieces at shops.

Inventory:

Hand Weapons
 a - a +0 falchion
 v - the +1 falchion of Dishonour (weapon) {spect, +Blink rPois Will- rCorr}
   (You took it off an orc on level 4 of the Dungeon)

   rPois:     It protects you from poison Will-: It decreases your willpower.
   +Blink:    It lets you blink.
   rCorr:     It protects you from acid and corrosion.
Missiles
 x - 2 javelins (quivered)
Armour
 c - an orb of light (worn)
Jewellery
 g - a ring of positive energy (left hand)
 m - a ring of resist corrosion (right hand)
Wands
 k - a wand of polymorph (10)
 u - a wand of charming (9)
Scrolls
 e - a scroll of butterflies
 h - a scroll of silence
 i - a scroll of immolation
 l - 2 scrolls of teleportation
 o - a scroll of enchant weapon
 p - a scroll of noise {unknown}
 q - a scroll of enchant armour {unknown}
 r - a scroll of poison {unknown}
 w - a scroll of amnesia {unknown}
Potions
 b - a potion of ambrosia
 d - a potion of brilliance
 f - a potion of magic
 j - a potion of mutation {unknown}
 n - 3 potions of enlightenment
 s - a potion of resistance {unknown}


   Skills:
 - Level 3.2 Fighting
 - Level 7.3 Long Blades
 - Level 2.6 Dodging
 * Level 3.2 Invocations


You had 6 spell levels left.
You didn't know any spells.
Your spell library contained the following spells:

 Spells                   Type           Power      Damage    Failure   Level
 Blink                    Tloc           0%         N/A       50%         2
 Lesser Beckoning         Tloc           0%         N/A       50%         2
 Momentum Strike          Conj/Tloc      0%         3d8       50%         2
 Call Imp                 Summ           Unusable   N/A       N/A         2
 Summon Lightning Spire   Summ/Air       Unusable   N/A       N/A         4
 Summon Cactus Giant      Summ           Unusable   N/A       N/A         6
 Malign Gateway           Summ/Tloc      Unusable   N/A       N/A         7

Dungeon Overview and Level Annotations

Branches:
Dungeon (5/15)
 Temple: D:4-7

Altars:
Hepliaklqana
Okawaru
Xom
The Shining One

Shops:
D:2 (=   D:3 ??**(   D:5 *

Annotations:
D:3 4 transporters, 3 runed translucent doors, Sirjeffry24's ghost, amateur HOMo


Innate Abilities, Weirdness & Mutations

You can breathe blasts of fire.
Your fiery red scales are hard. (AC +6)
You cannot fit into any form of body armour.
Your flesh is heat resistant. (rF+)
You are cold-blooded and may be slowed by cold attacks.


Message History

You hit the orc but do no damage.
Your +1 falchion of Dishonour {spect, +Blink rPois Will- rCorr} hits the orc.
The orc closely misses your +1 falchion of Dishonour {spect, +Blink rPois Will- rCorr}.
You hit the orc.
The orc is almost dead.
Your +1 falchion of Dishonour {spect, +Blink rPois Will- rCorr} hits the orc.
You kill the orc!
Okawaru accepts your kill.
You swap places.
Your +1 falchion of Dishonour {spect, +Blink rPois Will- rCorr} disappears.
Things that are here:
a +0 trident; an orc corpse Magic restored.
There is an iron altar of Okawaru here.
An orc comes into view. It is wielding a +0 dagger.
An orc is nearby!
An orc is nearby!
An orc is nearby!
The orc throws a boomerang.
The boomerang closely misses you.
An orc priest comes into view. It is wielding a +0 flail.
The orc throws a boomerang.
The boomerang closely misses you.
You hit the orc. You tail-slap the orc.
You kill the orc!
Okawaru accepts your kill.
You slash the orc priest!
The orc priest is heavily wounded.
Your +1 falchion of Dishonour {spect, +Blink rPois Will- rCorr} barely misses the orc priest.
The orc priest miscasts a cantrip.
You hit the orc priest.
The orc priest is almost dead.
Your +1 falchion of Dishonour {spect, +Blink rPois Will- rCorr} hits the orc priest!
You kill the orc priest!
Okawaru accepts your kill.
Your Invocations skill increases to level 3!
You have reached level 7!
Your scales start taking on a fiery red colour.
You learn Fire Magic much quicker.
You learn Ice Magic much slower.
You can breathe blasts of fire.
You feel resistant to heat.
Are you sure you want to abandon this character and quit the game? (Confirm with "yes".)

#..#...####....
#.......##....
##....._.#....# #..#
#.............# ##..#
##....8.......## ##...#
##............## ##....#
##...._......###
####.....######...#.......##
..??.......##.)@#.........#
..............(#######.)..#
...............# ###..#
..###†......### ###..#
#...#.###### #....# #.⌠ #.#
###.#..# #. #.# ###.##.# ≈~
~.# ###...#.## ≈≈ ..#
#...∩....###


You could see a friendly +1 falchion of Dishonour {spect, +Blink rPois Will-
rCorr}.

Vanquished Creatures
  A black bear (D:5)
  A howler monkey (D:4)
  A hound (D:4)
  2 orc priests (D:5)
  Jessica (D:2)
  2 iguanas
  2 orc wizards
  Robin (D:2)
  3 gnolls (D:2)
  4 adders
  2 dart slugs
  3 ribbon worms
  10 orcs
  6 ball pythons
  4 bats
  4 endoplasms
  2 giant cockroaches
  11 goblins
  8 hobgoblins
  6 jackals
  7 kobolds
  2 quokkas
  3 frilled lizards
  3 rats
89 creatures vanquished.

Notes
Turn   | Place    | Note
-------+----------+-------------------------------------------
     0 | D:1      | Laraso the Draconian Monk began the quest for the Orb.
     0 | D:1      | Reached XP level 1. HP: 19/19 MP: 1/1
   170 | D:1      | Reached XP level 2. HP: 26/26 MP: 2/2
   702 | D:2      | Reached skill level 4 in Long Blades
   723 | D:2      | Noticed a scorpion
   930 | D:2      | Reached XP level 3. HP: 31/31 MP: 3/3
  1188 | D:2      | Found Opuck's Weapon Shoppe.
  1189 | D:2      | Noticed Jessica
  1193 | D:2      | Killed Jessica
  1194 | D:2      | Reached skill level 5 in Long Blades
  1194 | D:2      | Reached XP level 4. HP: 32/38 MP: 4/4
  1340 | D:2      | Noticed Robin
  1351 | D:2      | Killed Robin
  1579 | D:2      | Found Ikasi's Jewellery Boutique.
  1612 | D:2      | Noticed Terence
  1620 | D:2      | Terence changed into Terence the quokka
  1620 | D:2      | Noticed Terence
  1621 | D:2      | Killed Terence the quokka
  1688 | D:2      | Reached XP level 5. HP: 39/45 MP: 5/5
  1898 | D:3      | Found a transporter.
  1898 | D:3      | Found Vona's General Store.
  1952 | D:3      | Found a transporter.
  2003 | D:3      | Found a transporter.
  2012 | D:3      | Noticed a black bear
  2015 | D:3      | Found a hazy altar of Hepliaklqana.
  2109 | D:3      | Found a transporter.
  2120 | D:3      | Found Rucepp's Weapon Shop.
  2234 | D:3      | Found a faded altar of an unknown god.
  2263 | D:3      | Found a runed translucent gate.
  2263 | D:3      | Found a runed translucent gate.
  2264 | D:3      | Found a runed translucent gate.
  2265 | D:3      | Noticed Sirjeffry24's ghost (amateur HOMo)
  2455 | D:3      | Found Ynywagh's Magic Scroll Emporium.
  2458 | D:3      | Bought a scroll of identify for 22 gold pieces
  2458 | D:3      | Bought a scroll of identify for 22 gold pieces
  2458 | D:3      | Bought a scroll of identify for 22 gold pieces
  2458 | D:3      | Bought a scroll of identify for 22 gold pieces
  2493 | D:3      | Found Xarch's Magic Scroll Emporium.
  2500 | D:3      | Bought a scroll of identify for 20 gold pieces
  2500 | D:3      | Bought a scroll of identify for 20 gold pieces
  2500 | D:3      | Bought a scroll of identify for 20 gold pieces
  2545 | D:3      | Found Ekhlyso's Assorted Antiques.
  2708 | D:4      | Reached skill level 6 in Long Blades
  2759 | D:4      | Found a glowing golden altar of the Shining One.
  3018 | D:4      | Identified the +1 falchion of Dishonour {spect, +Blink
                  | rPois Will- rCorr}
  3357 | D:4      | Reached XP level 6. HP: 41/51 MP: 6/6
  3362 | D:4      | Reached skill level 7 in Long Blades
  3746 | D:5      | Entered Level 5 of the Dungeon
  3757 | D:5      | Found Itegur's Gadget Gallery.
  3779 | D:5      | Found an iron altar of Okawaru.
  3781 | D:5      | Found a shimmering altar of Xom.
  3785 | D:5      | Got the Cyclopedia of Accompaniment
  3814 | D:5      | Became a worshipper of Warmaster Okawaru
  3814 | D:5      | Reached * piety under Okawaru
  3814 | D:5      | Reached ** piety under Okawaru
  3832 | D:5      | Reached skill level 1 in Invocations
  3957 | D:5      | Your scales start taking on a fiery red colour.
  3957 | D:5      | Reached XP level 7. HP: 57/57 MP: 9/9
  3957 | D:5      | Gained mutation: Your flesh is heat resistant. (rF+) [Red
                  | Draconian growth]
  3957 | D:5      | Quit the game

Illustrated notes

Levels and vault maps discovered:
D:1:      lightli_arrival_lavapool, layout_loops_ring,
          chequers_serial_rivers_small_b
D:2:      layout_loops_cross, serial_shops, shop, shop, uniq_robin,
          uniq_jessica, uniq_terence
D:3:      layout_basic, gammafunk_temple_overflow_arena, serial_shops,
          nicolae_shop_drivethru, nicolae_shop_just_a_little_nook, shop, shop,
          nicolae_shop_behind_doors,
          dreamdust_ecumenical_altar_angels_and_demons,
          gammafunk_ghost_nasty_kobolds
D:4:      layout_cave_pods, lemuel_tele_altar
D:5:      layout_layer_cave, grunt_temple_overflow_open, nrook_campfire,
          grunt_ministairs_3, chequers_avenue, fountainhead,
          nicolae_shop_gadgets

Skill      XL: |  1  2  3  4  5  6 |
---------------+-------------------+-----
Long Blades    | 4 5 6 7 |  7.3
Invocations    | 3 |  3.2
Fighting       | |  3.2
Dodging        | |  2.6

Action                     |  1- 3 |  4- 6 |  7- 9 || total
---------------------------+-------+-------+-------++-------
  Melee: Falchion          |    74 |   167 |       ||   241
         Tailslap          |    16 |    31 |       ||    47
  Evoke: Wand              |       |     2 |       ||     2
    Use: Scroll            |     3 |     8 |       ||    11
         Potion            |     1 |       |       ||     1
 Armour: Skin              |    43 |    81 |       ||   124
  Dodge: Dodged            |    67 |    99 |       ||   166

Table legend: (Time is in decaauts)
 A = Elapsed time spent in this place.
 B = Non-inter-level travel time spent in this place.
 C = Inter-level travel time spent in this place.
 D = Time resting spent in this place.
 E = Time spent auto-exploring this place.
 F = Levels seen in this place.
 G = Mean time per level.
                   A        B        C        D        E       F      G
               +--------+--------+--------+--------+--------+-----+--------+
         Total |   3963 |   3804 |    159 |     99 |   2992 |   5 |  792.6 |
       Dungeon |   3963 |   3804 |    159 |     99 |   2992 |   5 |  792.6 |
               +--------+--------+--------+--------+--------+-----+--------+

Top non-repeatable levels by time:
     D:2: 1044 daAuts
     D:4: 1038 daAuts
     D:3: 870 daAuts
     D:1: 800 daAuts
     D:5: 209 daAuts
